 Dungeon Crawl Stone Soup version 0.27.1-3-gb3d3a73c9e (webtiles) character file.

Game seed: 8241191036778903024

2592 ABBCCCDDDD the Fighter (level 9, -3/66 HPs)
             Began as an Octopode Enchanter on Oct 7, 2021.
             Hit by a boomerang thrown by an orc warrior (16 damage)
             ... on level 6 of the Dungeon.
             The game lasted 00:18:20 (13694 turns).

ABBCCCDDDD the Fighter (Octopode Enchanter)        Turns: 13694, Time: 00:18:21

Health: -3/66      AC:  1    Str:  7    XL:     9   Next: 58%
Magic:  13/13      EV: 13    Int: 20    God:
Gold:   200        SH:  4    Dex: 13    Spells: 8/14 levels left

rFire    . . .     SeeInvis .   k - +1 dagger (protect)
rCold    . . .     Faith    .   G - +0 buckler
rNeg     . . .     Spirit   .   (helmet restricted)
rPois    .         Reflect  .   (no amulet)
rElec    .         Harm     .   c - ring of flight
rCorr    .         Rampage  .   (no ring)
Will     .....                  (no ring)
Stlth    +++.......             (no ring)
HPRegen  0.21/turn              (no ring)
MPRegen  0.13/turn              (no ring)
                                (no ring)
                                (no ring)

@: flying
A: almost no armour, amphibious, 8 rings, camouflage 1, gelatinous body 1,
(nimble swimmer 1), tentacles
a: no special abilities


You were on level 6 of the Dungeon.
You visited 2 branches of the dungeon, and saw 9 of its levels.

You collected 285 gold pieces.
You spent 85 gold pieces at shops.

Inventory:

Hand Weapons
 k - a +1 dagger of protection (weapon)
 A - a +0 dagger of venom
 C - a +3 dagger of draining
Missiles
 u - 6 poisoned darts (quivered)
Armour
 d - a +0 kite shield
 G - a +0 buckler (worn)
Jewellery
 c - a ring of flight (left tentacle)
Wands
 a - a wand of paralysis (6)
 D - a wand of flame (11)
Scrolls
 e - 2 scrolls of amnesia
 g - 3 scrolls of torment
 h - a scroll of holy word {unknown}
 i - a scroll of brand weapon {unknown}
 j - 2 scrolls of magic mapping {unknown}
 m - 4 scrolls of enchant weapon {unknown}
 n - a scroll of teleportation
 o - a scroll of blinking {unknown}
 q - a scroll of silence
 s - 2 scrolls of immolation {unknown}
 y - 2 scrolls of fear
 z - a scroll of noise {unknown}
Potions
 b - a potion of brilliance {unknown}
 f - a potion of ambrosia {unknown}
 l - 2 potions of magic
 p - a potion of berserk rage {unknown}
 r - 3 potions of curing
 t - a potion of flight {unknown}
 v - 2 potions of degeneration {unknown}
 w - a potion of haste
 x - a potion of lignification {unknown}
 B - a potion of might {unknown}
 E - a potion of attraction {unknown}
 F - a potion of invisibility {unknown}


   Skills:
 - Level 8.2 Fighting
 - Level 1.8 Short Blades
 + Level 3.2 Dodging
 - Level 4.0 Stealth
 + Level 2.9 Shields
 - Level 3.0 Spellcasting
 - Level 7.0 Hexes
 - Level 2.0 Ice Magic
 - Level 5.0 Evocations


You had 8 spell levels left.
You knew the following spells:

 Your Spells              Type           Power      Damage    Failure   Level
a - Corona                Hex            34%        N/A       1%          1
b - Ensorcelled Hibernat  Hex/Ice        42%        N/A       3%          2
c - Tukima's Dance        Hex            31%        N/A       2%          3

Your spell library contained the following spells:

 Spells                   Type           Power      Damage    Failure   Level
 Confusing Touch          Hex            31%        N/A       2%          3
 Dazzling Flash           Conj/Hex       34%        N/A       12%         3
 Animate Skeleton         Necr           6%         N/A       16%         1
 Pain                     Necr           12%        1d4       16%         1
 Shock                    Conj/Air       12%        1d3       16%         1
 Swiftness                Air            3%         N/A       43%         3
 Vampiric Draining        Necr           1%         2d6       43%         3
 Airstrike                Air            1%         N/A       85%         4
 Agony                    Necr           3%         N/A       99%         5
 Excruciating Wounds      Necr           1%         N/A       99%         5


Dungeon Overview and Level Annotations

Branches:
Dungeon (8/15)             Temple (1/1) D:4
   Lair: D:8-11

Altars:
Ashenzari
Cheibriados
Dithmenos
Elyvilon
Fedhas
Hepliaklqana
Makhleb
Nemelex Xobeh
Qazlal
Trog
Uskayaw
Vehumet
Wu Jian
Xom
Yredelemnul
Zin
Beogh

Shops:
D:2 !   D:5 ?

Annotations:
D:3 1 runed translucent door, Crazy Yiuf
D:4 3 runed translucent doors, NakanoYusui's ghost, amateur DrTm
D:7 Harold; Maggie


Innate Abilities, Weirdness & Mutations

You cannot wear most types of armour.
You are amphibious.
You can wear up to eight rings at the same time.
Your skin changes colour to match your surroundings (Stealth+).
Your rubbery body absorbs attacks. (AC +1, EV +1)
((You are camouflaged near water. (Stealth+)))
You have tentacles for arms and can constrict up to eight enemies at once.


Message History

The orc warrior is moderately wounded.
You block the orc warrior's attack.
You hit the orc warrior. You grab the orc warrior.
The orc warrior is moderately wounded.
You constrict the orc warrior, but do no damage.
The orc warrior hits you with a +0 flail!
You hit the orc warrior. You squeeze the orc warrior.
The orc warrior is severely wounded.
You constrict the orc warrior, but do no damage.
The orc warrior hits you with a +0 flail!
You hit the orc warrior.
The orc warrior is severely wounded.
You constrict the orc warrior, but do no damage.
The orc warrior completely misses you.
You hit the orc warrior but do no damage.
The orc warrior is severely wounded.
You constrict the orc warrior, but do no damage.
The orc warrior hits you with a +0 flail.
You hit the orc warrior but do no damage.
You squeeze the orc warrior, but do no damage.
The orc warrior is severely wounded.
You constrict the orc warrior, but do no damage.
The orc warrior hits you with a +0 flail.
You hit the orc warrior.
You squeeze the orc warrior, but do no damage.
The orc warrior is severely wounded.
You constrict the orc warrior, but do no damage.
The orc warrior hits you with a +0 flail!
You hit the orc warrior but do no damage.
You squeeze the orc warrior, but do no damage.
The orc warrior is severely wounded.
You constrict the orc warrior, but do no damage.
The orc warrior hits you with a +0 flail.
You release your grip on the orc warrior.
The orc warrior throws a boomerang.
The boomerang barely misses you.
The orc warrior throws a boomerang.
The boomerang hits you.
The orc warrior throws a boomerang.
The boomerang hits you!
* * * LOW HITPOINT WARNING * * *
The orc warrior throws a boomerang.
The boomerang hits you!
You die...

...##...##...o....#
...##...####.####.#
..........o..##...##
##.###########o###.# ......# #.#
#.# ##.##.##### #.###.#
##.##.....# ###...### ...##.....#
#.......# #####.....# #.##@##.#
#####.....# #.##.##.# ..........#
#.#..##.# #.#####.#####.#.###.#
##### #.#
#......##.#.###.####...###### ..#
#.#.##.##.......##.....PP..P#
(.###.#>##.####.#####....P♣♣≈♣..♣
................#......P.≈≈≈♣≈..P
....#....#.######.###....♣≈≈≈≈≈..


You could see an orc warrior.

Levels and vault maps discovered:
D:1:      tarquinn_simple_flora_water_c, layout_basic, minmay_bisected
D:2:      layout_rooms, serial_shops, shop
D:3:      minmay_inner_zag, layout_loops_corners, corexii_shack,
          minmay_misc_feat_tiny, uniq_crazy_yiuf_cottage, uniq_terence
D:4:      layout_basic, minmay_temple_entry_fiery, biasface_ghost_orc_armoury,
          chequers_avenue, minivault_27
D:5:      layout_layer_cave, serial_shops, nicolae_stop_n_shop_2,
          kennysheep_flooded_box
D:6:      layout_loops_cross, serial_bayou_pond_a, uniq_duvessa, uniq_menkaure
D:7:      layout_basic, mainiacjoe_overflow_swirl, uniq_harold, uniq_maggie
D:8:      layout_loops_ring, marbit_many_paths
Temple:   nicolae_temple_elliptical

Notes
Turn   | Place    | Note
-------+----------+-------------------------------------------
     0 | D:1      | ABBCCCDDDD the Octopode Enchanter began the quest for the
                  | Orb.
     0 | D:1      | Reached XP level 1. HP: 11/11 MP: 3/3
   478 | D:1      | Reached XP level 2. HP: 8/18 MP: 3/5
   799 | D:1      | Reached skill level 1 in Fighting
  1289 | D:1      | Reached XP level 3. HP: 19/23 MP: 6/6
  1834 | D:2      | Reached skill level 2 in Fighting
  1844 | D:2      | Found Pygyid's Distillery.
  2168 | D:2      | Reached XP level 4. HP: 17/29 MP: 7/7
  2449 | D:2      | You are sucked into a shaft and drop 2 floors!
  2458 | D:4      | Learned a level 2 spell: Ensorcelled Hibernation
  3214 | D:3      | Noticed Terence
  3240 | D:3      | Killed Terence
  3241 | D:3      | Reached skill level 1 in Ice Magic
  3241 | D:3      | Reached skill level 1 in Evocations
  3241 | D:3      | Reached XP level 5. HP: 34/35 MP: 4/8
  3669 | D:3      | Found a runed translucent door.
  3670 | D:3      | Noticed Crazy Yiuf
  4217 | D:4      | Reached skill level 3 in Fighting
  4217 | D:4      | Reached XP level 6. HP: 14/42 MP: 9/9
  4504 | D:4      | Found a runed translucent gate.
  4504 | D:4      | Found a runed translucent gate.
  4506 | D:4      | Noticed NakanoYusui's ghost (amateur DrTm)
  4507 | D:4      | Found a runed translucent gate.
  4679 | D:4      | Found a staircase to the Ecumenical Temple.
  4685 | Temple   | Entered the Ecumenical Temple
  5119 | D:5      | Entered Level 5 of the Dungeon
  5119 | D:5      | Found Qyloko's Magic Scroll Shoppe.
  5120 | D:5      | Noticed a black bear
  5121 | D:5      | Noticed a yak
  5122 | D:5      | Bought a scroll of identify for 20 gold pieces
  5122 | D:5      | Bought a scroll of fear for 35 gold pieces
  5122 | D:5      | Bought a scroll of teleportation for 30 gold pieces
  5165 | D:5      | Noticed a black bear
  5514 | D:5      | Killed a black bear
  5753 | D:5      | Noticed a yak
  5955 | D:6      | Reached XP level 7. HP: 47/47 MP: 10/10
  5981 | D:6      | Noticed Dowan
  5996 | D:6      | Reached skill level 4 in Fighting
  5996 | D:6      | Reached skill level 5 in Hexes
  6478 | D:6      | Noticed Menkaure
  6743 | D:7      | Learned a level 3 spell: Tukima's Dance
  7031 | D:6      | Noticed Duvessa
  7040 | D:6      | Killed Duvessa
  7041 | D:6      | Reached XP level 8. HP: 36/54 MP: 11/11
  7259 | D:7      | Noticed Maggie
  7405 | D:6      | Reached skill level 5 in Fighting
  7734 | D:5      | Reached skill level 5 in Evocations
  8347 | D:6      | Killed Dowan
  9541 | D:5      | Noticed a yak
  9588 | D:5      | Killed a yak
  9804 | D:5      | Noticed a yak
  9804 | D:5      | Noticed a yak
  9844 | D:5      | Killed a yak
  9845 | D:5      | Reached skill level 6 in Fighting
  9987 | D:5      | Noticed a yak
 10194 | D:4      | Killed a yak
 10515 | D:4      | Killed a yak
 10516 | D:4      | Reached skill level 7 in Fighting
 10516 | D:4      | Reached XP level 9. HP: 45/64 MP: 13/13
 11107 | D:5      | Reached skill level 8 in Fighting
 11939 | D:5      | Reached skill level 1 in Shields
 12970 | D:6      | Killed Menkaure
 13669 | D:7      | Noticed Harold
 13694 | D:6      | Hit by a boomerang thrown by an orc warrior

Table legend: (Time is in decaauts)
 A = Elapsed time spent in this place.
 B = Non-inter-level travel time spent in this place.
 C = Inter-level travel time spent in this place.
 D = Time resting spent in this place.
 E = Time spent auto-exploring this place.
 F = Levels seen in this place.
 G = Mean time per level.
                   A        B        C        D        E       F      G
               +--------+--------+--------+--------+--------+-----+--------+
         Total |  13672 |  12686 |    986 |   5202 |   5277 |   9 | 1519.1 |
       Dungeon |  13522 |  12555 |    967 |   5202 |   5164 |   8 | 1690.2 |
        Temple |    150 |    131 |     19 |      0 |    113 |   1 |  150.0 |
               +--------+--------+--------+--------+--------+-----+--------+

Top non-repeatable levels by time:
     D:6: 3046 daAuts
     D:5: 2864 daAuts
     D:4: 2313 daAuts
     D:1: 1710 daAuts
     D:3: 1497 daAuts
     D:7: 961 daAuts
     D:2: 944 daAuts
     D:8: 184 daAuts
  Temple: 150 daAuts

Table legend:
 A = Kills in this place as a percentage of kills in entire the game.
 B = Kills by you in this place as a percentage of kills by you in the entire game.
 C = Kills by friends in this place as a percentage of kills by friends in the entire game.
 D = Other kills in this place as a percentage of other kills in the entire game.
 E = Experience gained in this place as a percentage of experience gained in the entire game.
 F = Experience gained in this place divided by the number of levels of this place that you have seen.
                   A       B       C       D       E      F
               +-------+-------+-------+-------+-------+----------------------
         Total | 100.0 | 100.0 |   N/A |   N/A | 100.0 | 411.6
       Dungeon |  99.3 |  99.3 |   N/A |   N/A |  99.9 | 462.8
        Temple |   0.7 |   0.7 |   N/A |   N/A |   0.1 |   2.0
               +-------+-------+-------+-------+-------+----------------------

Action                   |  1- 3 |  4- 6 |  7- 9 || total
-------------------------+-------+-------+-------++-------
Melee: Dagger            |   126 |   106 |   267 ||   499
       Constrict         |    27 |    19 |    27 ||    73
       Tentacles         |    16 |    22 |    44 ||    82
Throw: Dart              |       |       |    19 ||    19
 Cast: Corona            |     2 |     3 |     3 ||     8
       Ensorcelled Hiber |       |     3 |    21 ||    24
Evoke: Wand              |       |     3 |     4 ||     7
  Use: Scroll            |       |       |     5 ||     5
       Potion            |       |       |     1 ||     1
 Stab: Sleeping          |     7 |    27 |    17 ||    51
       Distracted        |       |     1 |       ||     1
       Paralysed         |       |     2 |     3 ||     5
Armor: Skin              |    10 |     8 |    25 ||    43
Dodge: Dodged            |    70 |    58 |   115 ||   243
Block: Buckler           |       |       |    24 ||    24

Vanquished Creatures
  6 yaks
  Menkaure (D:6)
  Duvessa (D:6)
  2 black bears (D:5)
  A sky beast (D:6)
  2 necrophages
  An ogre (D:5)
  2 phantoms (D:6)
  A bullfrog (D:7)
  A wyvern zombie (D:7)
  A scorpion (D:6)
  Dowan (D:6)
  A hound (D:4)
  2 orc priests
  A centaur skeleton (D:3)
  A jelly (D:6)
  2 bullfrog skeletons
  Terence (D:3)
  2 iguanas
  4 orc wizards
  A howler monkey zombie (D:7)
  7 adders
  A white imp (D:7)
  3 worms
  12 orcs
  12 endoplasms
  10 giant cockroaches
  7 goblins
  7 hobgoblins
  9 jackals
  5 quokkas
  9 ball pythons
  5 bats
  8 frilled lizards
  A jackal skeleton (D:4)
  7 kobolds
  7 rats
145 creatures vanquished.

Vanquished Creatures (others)
  8 plants
8 creatures vanquished.

Grand Total: 153 creatures vanquished
